 Dungeon Crawl Stone Soup version 0.27-a0-1312-g5cdb2b3542 (webtiles) character file.

Game seed: 8807095589717754346

626 Delamore the Poker (level 7, -2/56 HPs)
             Began as a Formicid Fighter on June 19, 2021.
             Succumbed to a scorpion's poison
             ... on level 5 of the Dungeon.
             The game lasted 00:02:57 (4193 turns).

Delamore the Poker (Formicid Fighter)               Turns: 4193, Time: 00:02:57

Health: -2/56      AC:  9    Str: 23    XL:     7   Next: 76%
Magic:  7/7        EV:  6    Int:  7    God:
Gold:   188        SH: 10    Dex: 10    Spells: 6/6 levels left

rFire    . . .     SeeInvis +   a - +1 trident
rCold    . . .     Faith    .   c - +1 kite shield
rNeg     . . .     Spirit   .   s - +0 chain mail
rPois    .         Reflect  .   (helmet unavailable)
rElec    .         Harm     .   r - scarf {repulsion}
rCorr    .         Rampage  .   (no gloves)
Will     +....                  (no boots)
Stlth    ..........             (no amulet)
HPRegen  0.18/turn              j - ring of willpower
MPRegen  0.10/turn              (no ring)

@: lethally poisoned (-2 -> -36), repel missiles
A: permanent stasis, dig shafts and tunnels, antennae 3, four strong arms
a: Dig, Shaft Self


You were on level 5 of the Dungeon.
You visited 1 branch of the dungeon, and saw 5 of its levels.

You collected 188 gold pieces.

Inventory:

Hand Weapons
 a - a +1 trident (weapon)
Missiles
 q - 2 javelins
Armour
 b - a +0 scale mail
 c - a +1 kite shield (worn)
 r - a scarf of repulsion (worn)
 s - a +0 chain mail (worn)
Jewellery
 j - a ring of willpower (left hand)
 l - a ring of protection from fire
Scrolls
 h - 2 scrolls of enchant armour
 i - a scroll of magic mapping
 o - 2 scrolls of fog
 t - a scroll of identify
Potions
 d - a potion of might
 e - a potion of lignification
 f - 3 potions of heal wounds
 g - 2 potions of degeneration
 k - 5 potions of haste {unknown}
 m - 3 potions of magic {unknown}
 n - 2 potions of brilliance {unknown}
 p - a potion of flight {unknown}


   Skills:
 - Level 5.0 Fighting
 * Level 7.3 Polearms
 - Level 3.2 Armour
 - Level 3.6 Shields


You had 6 spell levels left.
You didn't know any spells.
Your spell library contained the following spells:

 Spells                   Type           Power      Damage    Failure   Level
 Magic Dart               Conj           0%         1d3       100%        1
 Searing Ray              Conj           0%         3d3       100%        2
 Dazzling Flash           Conj/Hex       0%         N/A       100%        3
 Fulminant Prism          Conj/Hex       0%         3d6       100%        4
 Iskenderun's Mystic Bla  Conj/Tloc      0%         2d3       100%        4


Dungeon Overview and Level Annotations

Branches:
Dungeon (5/15)
 Temple: D:4-7

Altars:
Elyvilon
Ru
Uskayaw
Zin
The Shining One


Innate Abilities, Weirdness & Mutations

You cannot be hasted, slowed, berserked, paralysed or teleported.
You can dig through walls and to a lower floor.
You have a pair of large antennae on your head. (SInv)
Your four strong arms can wield two-handed weapons with a shield.


Message History

You are too injured to fight recklessly!
You are too injured to fight recklessly!
You are too injured to fight recklessly!
You are too injured to fight recklessly!
You are too injured to fight recklessly!
You are too injured to fight recklessly!
You are too injured to fight recklessly!
The scorpion barely misses you.
You see here 10 gold pieces.
The hound bites you but does no damage.
You extend your mandibles.
You dig through the rock wall.
You block the hound's attack.
You dig through the rock wall.
You retract your mandibles.
You barely miss the hound.
The hound is lightly wounded.
You block the hound's attack. x2
You puncture the hound!
The hound is almost dead.
You block the hound's attack. x2
You hit the hound.
You kill the hound!
You closely miss the scorpion. The scorpion barely misses you.
The scorpion stings you.
You are poisoned.
The scorpion poisons you!
Your shield and chain mail prevent you from hitting the scorpion.
You feel very sick. The scorpion barely misses you.
You hit the scorpion.
The scorpion is lightly wounded.
You feel sick. The scorpion stings you!
* * * LOW HITPOINT WARNING * * *
You are lethally poisoned!
The scorpion poisons you! The scorpion stings you!
* * * LOW HITPOINT WARNING * * *
You are more poisoned.
The scorpion poisons you!
You puncture the scorpion!
The scorpion is heavily wounded.
You die...

. ..# . ..#####.## .#
!.)......##.# #
.[.....[..).#....
.....{Z./......#
...#####$.##....#
#..........# ...#
#...####s#.# ..#
#...###@##.####....
#...#..............
#...#.###.....>.##.
##...#.###....##...
#####.........#..##
##
####.............#8.#
#.............##.#..#
#.##.##.#...#....#.8#
#. #.#.#......#.88


You could see a scorpion.

Vanquished Creatures
  Sigmund (D:2)
  2 ogres
  A crimson imp (D:3)
  A bullfrog skeleton (D:3)
  An orc priest (D:4)
  2 hounds (D:5)
  Jessica (D:3)
  An orc wizard (D:4)
  Robin (D:3)
  2 adders (D:2)
  2 worms (D:2)
  5 orcs (D:4)
  4 ball pythons
  5 endoplasms
  2 giant cockroaches
  13 goblins
  6 hobgoblins
  3 jackals (D:1)
  5 quokkas
  2 bats (D:3)
  7 frilled lizards
  2 goblin skeletons (D:3)
  A goblin zombie (D:3)
  A hobgoblin zombie (D:3)
  5 kobolds
  A kobold skeleton (D:3)
  2 kobold zombies (D:3)
  An orc skeleton (D:3)
  9 rats
89 creatures vanquished.

Notes
Turn   | Place    | Note
-------+----------+-------------------------------------------
     0 | D:1      | Delamore the Formicid Fighter began the quest for the Orb.
     0 | D:1      | Reached XP level 1. HP: 18/18 MP: 1/1
   336 | D:1      | Reached XP level 2. HP: 24/24 MP: 2/2
   356 | D:1      | Found a faded altar of an unknown god.
  1220 | D:1      | Reached XP level 3. HP: 27/29 MP: 3/3
  1360 | D:2      | Reached skill level 3 in Polearms
  1633 | D:2      | Reached XP level 4. HP: 37/37 MP: 4/4
  1688 | D:2      | Noticed Sigmund
  1704 | D:2      | Killed Sigmund
  1705 | D:2      | Reached skill level 4 in Polearms
  1705 | D:2      | Reached XP level 5. HP: 34/43 MP: 5/5
  1705 | D:2      | Reached XP level 6. HP: 39/49 MP: 6/6
  1961 | D:3      | Reached skill level 5 in Polearms
  2019 | D:3      | Noticed Robin
  2030 | D:3      | Killed Robin
  2065 | D:3      | Noticed Jessica
  2076 | D:3      | Killed Jessica
  2086 | D:3      | Reached skill level 5 in Fighting
  2503 | D:3      | Found a glowing golden altar of the Shining One.
  2696 | D:4      | Noticed an ogre
  2701 | D:4      | Killed an ogre
  2702 | D:4      | Reached skill level 6 in Polearms
  2702 | D:4      | Reached XP level 7. HP: 28/56 MP: 7/7
  3080 | D:4      | Found a hide-covered altar of Uskayaw.
  3162 | D:4      | Found a white marble altar of Elyvilon.
  3162 | D:4      | Found a sacrificial altar of Ru.
  3167 | D:4      | Found a glowing silver altar of Zin.
  3994 | D:5      | Entered Level 5 of the Dungeon
  4080 | D:5      | Reached skill level 7 in Polearms
  4193 | D:5      | Succumbed to a scorpion's poison

Illustrated notes

Levels and vault maps discovered:
D:1:      mrwooster_arrival_statue_2, layout_loops_corners,
          hellmonk_ecumenical_altar_crossroads, serial_bayou_lake_a
D:2:      layout_rooms, grunt_ministairs_5, chequers_garden,
          wander_ebering_terrifying_dragon_lair, uniq_sigmund
D:3:      layout_loops_ring, nicolae_tso_besieged_by_evil, dk_noncrumbling_4,
          uniq_robin, uniq_jessica
D:4:      layout_cave_pods, minitemple, minivault_25, minmay_misc_feat_enclosed
D:5:      layout_loops_cross, kennysheep_little_box, general_overflow_altar,
          grunt_temple_overflow_forces_of_nature, chequers_decorated_corner

Skill      XL: |  1  2  3  4  5  6  7 |
---------------+----------------------+-----
Polearms       | 3 4 6 7 |  7.3
Fighting       | 4 5 |  5.0
Armour         | |  3.2
Shields        | |  3.6

Action                   |  1- 3 |  4- 6 |  7- 9 || total
-------------------------+-------+-------+-------++-------
Melee: Trident           |   109 |   147 |    71 ||   327
 Abil: Dig               |       |     1 |     1 ||     2
  Use: Scroll            |     7 |     4 |     2 ||    13
Armor: Scale mail        |    38 |    34 |    13 ||    85
       Chain mail        |       |       |    13 ||    13
Dodge: Dodged            |    21 |    32 |    20 ||    73
Block: Kite shield       |    41 |    66 |    45 ||   152

Table legend: (Time is in decaauts)
 A = Elapsed time spent in this place.
 B = Non-inter-level travel time spent in this place.
 C = Inter-level travel time spent in this place.
 D = Time resting spent in this place.
 E = Time spent auto-exploring this place.
 F = Levels seen in this place.
 G = Mean time per level.
                   A        B        C        D        E       F      G
               +--------+--------+--------+--------+--------+-----+--------+
         Total |   4312 |   4032 |    280 |    175 |   3193 |   5 |  862.4 |
       Dungeon |   4312 |   4032 |    280 |    175 |   3193 |   5 |  862.4 |
               +--------+--------+--------+--------+--------+-----+--------+

Top non-repeatable levels by time:
     D:1: 1414 daAuts
     D:4: 1316 daAuts
     D:3: 763 daAuts
     D:2: 615 daAuts
     D:5: 202 daAuts
